 Dungeon Crawl Stone Soup version 0.17-a0-1880-gacf7e67 (webtiles) character file.

1003 mcbry74 the Ruffian (level 8, -1/78 HPs)
             Began as a Troll Monk on Sept 21, 2015.
             Slain by Prince Ribbit (8 damage)
             ... on level 5 of the Dungeon.
             The game lasted 00:28:36 (4267 turns).

mcbry74 the Ruffian (Troll Monk)                    Turns: 4267, Time: 00:28:37

Health: -1/78      AC:  7    Str: 24    XL:     8   Next: 0%
Magic:  7/7        EV: 11    Int:  6    God:
Gold:   397        SH:  2    Dex: 12    Spells: 0 memorised, 7 levels left

rFire  . . .     SeeInvis .       - Unarmed
rCold  . . .     Clarity  .     a - +0 robe
rNeg   . . .     SustAt   .     (no shield)
rPois  .         Gourm    +     (helmet restricted)
rElec  .         Spirit   .     (no cloak)
rCorr  .         Warding  .     (gloves unavailable)
rMut   .         Stasis   .     (boots unavailable)
MR     .....                    (no amulet)
Stlth  ++........               (no ring)
                                (no ring)

@: not resistant to hostile enchantments, unstealthy
A: unfitting armour, claws 3, large bone plates 1, fast metabolism 3, gourmand,
regeneration 2, shaggy fur 1, strong 1, tough skin 2, MP-powered wands
a: no special abilities


You were on level 5 of the Dungeon.
You were near starving.

You visited 2 branches of the dungeon, and saw 6 of its levels.

You collected 397 gold pieces.

Inventory:

Hand weapons
 j - the +11 long sword "Ehiruut" {drain, rC++, unknown}
   (You found it on level 5 of the Dungeon)

   A truly terrible weapon, it drains the life of those it strikes.
   It greatly protects you from cold.
Armour
 a - a +0 robe (worn)
 g - the +0 robe "Udataun" {-Tele rPois Int+7}
   (You found it on level 4 of the Dungeon)

   It affects your intelligence (+7).
   It protects you from poison.
   It prevents most forms of teleportation.
Jewellery
 h - a cursed ring of loudness {unknown}
 i - a cursed ring of loudness {unknown}
 m - an uncursed amulet of stasis {unknown}
Scrolls
 c - 6 scrolls of remove curse
 e - a scroll of amnesia
 k - a scroll of immolation {unknown}
 l - a scroll of fear {unknown}
 n - a scroll of blinking {unknown}
 o - a scroll of noise {unknown}
 s - a scroll of recharging {unknown}
 w - 2 scrolls of identify {unknown}
 x - a scroll of enchant weapon {unknown}
Potions
 d - a potion of might {unknown}
 q - a potion of agility {unknown}
 r - 2 potions of curing {unknown}
 t - a potion of flight
 u - a potion of resistance {unknown}
Comestibles
 b - 4 bread rations
 f - a meat ration
 p - 2 beef jerkies
 v - 3 chunks of flesh


   Skills:
 + Level 4.0 Fighting
 + Level 4.7 Dodging
 + Level 1.9 Stealth
 * Level 7.5 Unarmed Combat


You had 7 spell levels left.
You didn't know any spells.

Dungeon Overview and Level Annotations

Branches:
Dungeon (5/15)             Temple (1/1) D:5

Altars:
Ashenzari
Cheibriados
Dithmenos
Elyvilon
Fedhas
Gozag
Kikubaaqudgha
Makhleb
Nemelex Xobeh
Okawaru
Qazlal
Xom
Yredelemnul
Zin
The Shining One

Shops:
D:4 *

Annotations:
D:5 Prince Ribbit


Innate Abilities, Weirdness & Mutations

You are too large for most types of armour.
You have claws for hands.
Your metabolism is lightning-fast.
You like to eat raw meat.
You heal very quickly.
You are covered in fur (AC +1).
You have very tough skin (AC +2).
You are partially covered in large bone plates (AC +2, SH +2).
Your muscles are strong. (Str +2)
You expend magic power (3 MP) to strengthen your wands.


Message History

Prince Ribbit blinks!
Prince Ribbit blinks!
You closely miss the phantom.
The phantom is severely damaged.
The phantom blinks!
Prince Ribbit lets out a mournful croak.
Prince Ribbit blinks!
You claw Prince Ribbit!
Prince Ribbit is moderately wounded.
Prince Ribbit blinks!
Prince Ribbit hits you. Prince Ribbit hits you!
You miss Prince Ribbit.
Prince Ribbit is moderately wounded.
Prince Ribbit hits you! Prince Ribbit hits you!
* * * LOW HITPOINT WARNING * * *
Prince Ribbit hits you.
* * * LOW HITPOINT WARNING * * *
Prince Ribbit hits you!
You die...

#.....# ##.#.## #.....# ##..#
#.(...# ##.# #.....# #.# #.....#
####W#### ###.### #.W.....#
####...## #.##.##.#
####...###.#####F##.##.# #
......## ##.##..@...##)# #_#
##....# #.##.#.#####.######8...
#.....## ##.##.#...........##....
#......###.###.##......##..#>....
#..............##....#.##.###....
##.......########..#...##.# #8.$.
..#.......# #(.....##.## #_#
#.##......# #...##.....# #
#.#####...# ###.........##


You could see Prince Ribbit and a phantom.

Vanquished Creatures
  The ghost of Anothat the Fighter, an experienced GrFi (D:4)
  The ghost of barthelm the Skirmisher, an average GrBe of Trog (D:3)
  A sky beast (D:5)
  A killer bee (D:5)
  A scorpion (D:4)
  A crimson imp (D:5)
  An iguana (D:4)
  2 worker ants (D:4)
  An orc wizard (D:5)
  A hound zombie (D:5)
  A hound skeleton (D:5)
  9 adders
  2 shadow imps (D:5)
  An ooze (D:3)
  5 worms
  An adder skeleton (D:5)
  2 giant geckos
  8 orcs
  2 ball pythons
  6 bats
  3 giant cockroaches
  8 hobgoblins
  6 jackals
  A ball python skeleton (D:4)
  A giant gecko skeleton (D:4)
  4 giant newts
  6 goblins
  6 kobolds
  8 quokkas
  4 rats
95 creatures vanquished.

Notes
Turn   | Place    | Note
--------------------------------------------------------------
     0 | D:1      | mcbry74 the Troll Monk began the quest for the Orb.
     0 | D:1      | Reached XP level 1. HP: 22/22 MP: 0/0
   391 | D:1      | Reached XP level 2. HP: 19/29 MP: 1/1
  1224 | D:2      | Reached XP level 3. HP: 34/36 MP: 2/2
  1237 | D:2      | Found a white marble altar of Elyvilon.
  1731 | D:3      | Reached skill level 5 in Unarmed Combat
  1760 | D:3      | Reached XP level 4. HP: 44/44 MP: 3/3
  1950 | D:3      | Noticed barthelm's ghost (average GrBe)
  1977 | D:3      | Killed barthelm's ghost
  1977 | D:3      | Reached XP level 5. HP: 18/53 MP: 4/4
  1977 | D:3      | Reached XP level 6. HP: 20/61 MP: 5/5
  2389 | D:4      | Reached skill level 6 in Unarmed Combat
  2452 | D:4      | Noticed Anothat's ghost (experienced GrFi)
  2467 | D:5      | Entered Level 5 of the Dungeon
  2647 | D:5      | Gained mutation: You are partially covered in large bone plates (AC +2, SH +2). [potion of mutation]
  2647 | D:5      | Gained mutation: Your muscles are strong. (Str +2) [potion of mutation]
  2647 | D:5      | Gained mutation: You expend magic power (3 MP) to strengthen your wands. [potion of mutation]
  2667 | D:4      | Killed Anothat's ghost
  2667 | D:4      | Reached XP level 7. HP: 43/68 MP: 6/6
  2858 | D:4      | Found an opulent altar of Gozag.
  2859 | D:4      | Found Gozag's Platinum Reserve.
  2910 | D:4      | Got a fabulously ornate robe
  2923 | D:4      | Identified the cursed +0 robe "Udataun" {-Tele rPois Int+7} (You found it on level 4 of the Dungeon)
  3291 | D:4      | Reached skill level 7 in Unarmed Combat
  3744 | D:5      | Found a staircase to the Ecumenical Temple.
  3838 | Temple   | Entered the Ecumenical Temple
  4075 | D:5      | Found a glowing golden altar of the Shining One.
  4076 | D:5      | Found a snail-covered altar of Cheibriados.
  4139 | D:5      | Noticed Prince Ribbit
  4195 | D:5      | Got a bloodstained long sword
  4248 | D:5      | Reached XP level 8. HP: 39/78 MP: 7/7
  4267 | D:5      | Slain by Prince Ribbit

Vault maps used:
D:1:      minmay_arrival_glassed_features, minmay_liquid_box
D:2:      minmay_misc_feat_columns, elyvilon_altar_5
D:4:      nicolae_gozag_zags_fifth_avenue
D:5:      nicolae_overflow_hidden_temple, grunt_temple_overflow_open,
          portal_sewer_entry_d, first_bread, uniq_prince_ribbit1
Temple:   circular_temple_12

Action                   |  1- 3 |  4- 6 |  7- 9 || total
-------------------------+-------+-------+-------++-------
Melee: Unarmed           |   103 |   116 |   127 ||   346
  Use: Potion            |       |     6 |     1 ||     7
       Scroll            |       |       |     4 ||     4
 Stab: Sleeping          |     3 |       |     1 ||     4
  Eat: Chunk             |    11 |     8 |    10 ||    29
       Bread ration      |     1 |       |       ||     1
       Pizza             |       |       |     1 ||     1
